 Dungeon Crawl Stone Soup version 0.29-a0-393-g47a863cc1b (webtiles) character file.

Game seed: 8952339323075033242

5802 ytrimaz the Nimble (level 10, -4/114 HPs)
             Began as a Demonspawn Berserker on May 9, 2022.
             Was a Priest of Trog.
             Slain by a troll (6 damage)
             ... on level 8 of the Dungeon.
             The game lasted 00:10:46 (9882 turns).

ytrimaz the Nimble (Demonspawn Berserker)           Turns: 9882, Time: 00:10:47

Health: -4/114     AC: 12    Str: 21    XL:     10   Next: 50%
Magic:  10/10      EV: 26    Int: 11    God:    Trog [***...]
Gold:   530        SH:  0    Dex: 13    Spells: 9/9 levels left

rFire   . . .      SeeInvis .   h - +4 dagger (protect)
rCold   . . .      Faith    .   (no shield)
rNeg    . . .      Spirit   .   b - +0 animal skin
rPois   .          Reflect  .   D - +1 hat
rElec   .          Harm     .   (no cloak)
rCorr   .          Rampage  .   (no gloves)
Will    .....                   g - +1 pair of boots
Stlth   ..........              (no amulet)
HPRegen 0.29/turn               j - +4 ring of evasion
MPRegen 0.12/turn               s - ring "Xucuninn" {EV+4 Int+2}

@: berserking, under a protective aura, very quick
A: antennae 1, repulsion field 1, demonic magic 1
a: Renounce Religion, Berserk, Trog's Hand


You were on level 8 of the Dungeon.
You worshipped Trog.
Trog was most pleased with you.
You visited 1 branch of the dungeon, and saw 8 of its levels.

You collected 530 gold pieces.

Inventory:

Hand Weapons
 a - a +0 short sword
 h - a +4 dagger of protection (weapon)
 q - a +0 dagger of flaming
 B - a +1 short sword of venom
Armour
 b - a +0 animal skin (worn)
 g - a +1 pair of boots (worn)
 l - the +3 tower shield of Imperfection {+Blink rElec rC+ Stlth-}
   (You found it on level 2 of the Dungeon)

   rC:        It protects you from cold.
   rElec:     It insulates you from electricity.
   +Blink:    It lets you blink.
   Stlth:     It makes you less stealthy.
 D - a +1 hat (worn)
Jewellery
 j - a +4 ring of evasion (left hand)
 s - the ring "Xucuninn" (right hand) {EV+4 Int+2}
   (You found it on level 7 of the Dungeon)

   [ring of evasion]

   EV:        It affects your evasion (+4).
   Int:       It affects your intelligence (+2).
Wands
 x - a wand of polymorph (9)
 y - a wand of iceblast (11)
Scrolls
 c - 3 scrolls of blinking
 d - 5 scrolls of teleportation
 f - 3 scrolls of magic mapping
 i - 3 scrolls of enchant armour
 k - a scroll of summoning
 m - 2 scrolls of fear
 t - 2 scrolls of fog
 w - a scroll of brand weapon
 F - a scroll of identify
Potions
 e - 5 potions of curing
 n - a potion of invisibility
 o - a potion of magic
 p - a potion of haste
 r - 2 potions of brilliance {unknown}
 u - 2 potions of mutation {unknown}
 v - a potion of berserk rage {unknown}
 z - a potion of attraction {unknown}
 A - a potion of lignification {unknown}
 C - a potion of flight {unknown}
 E - a potion of resistance


   Skills:
 + Level 5.7 Fighting
 + Level 8.2 Short Blades
 - Level 1.9 Armour
 * Level 10.3 Dodging
 * Level 4.0 Stealth
 - Level 3.4 Shields


You had 9 spell levels left.
You didn't know any spells.
Your spell library was empty.

Dungeon Overview and Level Annotations

Branches:
Dungeon (8/15)             Temple (0/1) D:6
   Lair: D:8-11

Altars:
Kikubaaqudgha
Trog
Yredelemnul

Portals:
Abyss: D:7

Annotations:
D:3 1 runed translucent door, Crazy Yiuf
D:7 2 transporters, bwicke's ghost, novice DgTm
D:8 osinmv's ghost, novice GrFi


Innate Abilities, Weirdness & Mutations

You have a pair of small antennae on your head.
You are surrounded by a mild repulsion field. (EV +2)
Spells you cast may paralyse adjacent enemies.


Message History

Unknown command.
The troll bites you!
* * * LOW HITPOINT WARNING * * *
The troll barely misses you. The troll claws you but does no damage.
The troll attacks as you move away! The troll completely misses you.
The troll closely misses you. The troll completely misses you.
The moth of wrath bites you.
* * * LOW HITPOINT WARNING * * *
The moth of wrath infuriates you!
A red film seems to cover your vision as you go berserk!
You feel yourself moving faster!
You feel mighty!
Things that are here:
a +0 long sword; a +0 robe You are too berserk!
Unknown command.
You barely miss the troll. The troll bites you but does no damage.
The troll claws you but does no damage. The troll closely misses you.
You puncture the troll!
Your weapon exudes an aura of protection.
The troll is moderately wounded.
You puncture the troll!
The troll is heavily wounded.
The moth of wrath goads the troll on!
The troll goes berserk!
You hit the troll.
The troll is heavily wounded.
The troll misses you. The troll closely misses you.
The troll completely misses you. The moth of wrath bites you.
* * * LOW HITPOINT WARNING * * *
You puncture the troll!
The troll is severely wounded.
The troll bites you!
* * * LOW HITPOINT WARNING * * *
The troll completely misses you. The troll misses you.
You puncture the troll!
The troll is almost dead.
Unknown command.
You hit the troll.
The troll is almost dead.
The troll bites you.
You die...

#.........##.##§.....##.......
##.#.......#..###....#........
####...#..###.o....##........
#......)...###oOO###.........
#............#####..........#
#......###.....©....#........
##....##....#.....)..........
#..........#T.###.........##
#..........@y.# #...#......#
##.........#.## ###.........
##.....###### #.........
#....## ##.....##. ######
#..###### #### #. #. ## #


You could see a moth of wrath, a troll (berserk), 2 orc warriors and 2 ogres.

Vanquished Creatures
  Gastronok (D:8)
  2 two-headed ogres (D:8)
  A hornet (D:5)
  Grinder (D:5)
  A wyvern (D:8)
  2 water moccasins
  Duvessa (D:6)
  2 sky beasts
  2 orc warriors
  An ice beast (D:6)
  2 centaurs
  2 kobold brigands
  2 bullfrogs
  2 necrophages
  A gnoll sergeant (D:6)
  8 wights
  Dowan (D:6)
  2 howler monkeys (D:4)
  5 hounds
  3 orc priests
  2 gnoll shamans (D:4)
  A jelly (D:5)
  5 iguanas
  5 orc wizards
  Robin (D:2)
  30 gnolls
  13 adders
  An ufetubus (D:6)
  5 dart slugs
  38 orcs
  5 ball pythons
  7 endoplasms
  6 giant cockroaches
  7 goblins
  12 hobgoblins
  16 jackals
  2 quokkas
  7 bats
  3 frilled lizards (D:3)
  10 kobolds
  3 rats
221 creatures vanquished.

Notes
Turn   | Place    | Note
-------+----------+-------------------------------------------
     0 | D:1      | ytrimaz the Demonspawn Berserker began the quest for the
                  | Orb.
     0 | D:1      | Reached XP level 1. HP: 18/18 MP: 1/1
   172 | D:1      | Gained mutation: You are surrounded by a mild repulsion
                  | field. (EV +2) [demonic ancestry]
   172 | D:1      | Reached XP level 2. HP: 13/24 MP: 2/2
   482 | D:1      | Reached skill level 2 in Dodging
  1156 | D:2      | Found a faded altar of an unknown god.
  1226 | D:2      | Noticed Robin
  1237 | D:2      | Gained mutation: You have a pair of small antennae on your
                  | head. [demonic ancestry]
  1237 | D:2      | Reached XP level 3. HP: 29/29 MP: 3/3
  1244 | D:2      | Killed Robin
  1345 | D:2      | Found a basalt altar of Yredelemnul.
  1876 | D:2      | Reached ** piety under Trog
  2015 | D:2      | Identified the +3 tower shield of Imperfection {+Blink
                  | rElec rC+ Stlth-}
  2218 | D:2      | Reached XP level 4. HP: 35/35 MP: 4/4
  2625 | D:3      | Reached skill level 3 in Dodging
  2731 | D:3      | Found an ancient bone altar of Kikubaaqudgha.
  3001 | D:3      | Reached XP level 5. HP: 28/41 MP: 5/5
  3157 | D:3      | Reached skill level 1 in Shields
  3254 | D:3      | Found a runed translucent door.
  3255 | D:3      | Noticed Crazy Yiuf
  3885 | D:4      | Reached *** piety under Trog
  3939 | D:4      | Gained mutation: Spells you cast may paralyse adjacent
                  | enemies. [demonic ancestry]
  3939 | D:4      | Reached XP level 6. HP: 45/48 MP: 6/6
  4042 | D:4      | Reached skill level 4 in Dodging
  4213 | D:4      | Identified the +5 whip of Vera Tis {vorpal, rN+ Will+
                  | Str+4}
  4819 | D:4      | Reached **** piety under Trog
  4832 | D:4      | You fall into a shaft and drop 3 floors!
  4895 | D:7      | Reached XP level 7. HP: 53/53 MP: 7/7
  5059 | D:7      | Reached skill level 5 in Dodging
  5119 | D:7      | Identified the ring "Xucuninn" {EV+4 Int+2}
  5444 | D:6      | Reached skill level 5 in Short Blades
  5656 | D:6      | Reached skill level 6 in Dodging
  5730 | D:6      | Found a staircase to the Ecumenical Temple.
  5769 | D:5      | Entered Level 5 of the Dungeon
  5831 | D:5      | Reached XP level 8. HP: 60/60 MP: 8/8
  6510 | D:5      | Noticed Grinder
  6529 | D:5      | Killed Grinder
  6530 | D:5      | Reached skill level 7 in Dodging
  6975 | D:5      | Noticed a hornet
  6986 | D:5      | Paralysed by a hornet for 2 turns
  7001 | D:5      | Paralysed by a hornet for 3 turns
  7006 | D:5      | Killed a hornet
  7356 | D:6      | Noticed Duvessa
  7356 | D:6      | Noticed Dowan
  7373 | D:6      | Killed Duvessa
  7374 | D:6      | Reached skill level 1 in Stealth
  7374 | D:6      | Reached XP level 9. HP: 56/66 MP: 0/9
  7378 | D:6      | Killed Dowan
  8058 | D:6      | Reached skill level 8 in Dodging
  8358 | D:7      | Found a transporter.
  8358 | D:7      | Found a transporter.
  8367 | D:7      | Found a one-way gate to the infinite horrors of the Abyss.
  8367 | D:7      | Noticed bwicke's ghost (novice DgTm)
  8391 | D:7      | Reached skill level 5 in Fighting
  8836 | D:7      | Noticed an ancient zyme
  8897 | D:8      | Noticed Gastronok
  9111 | D:8      | Killed Gastronok
  9112 | D:8      | Reached skill level 9 in Dodging
  9112 | D:8      | Reached XP level 10. HP: 47/74 MP: 10/10
  9308 | D:8      | Found a transporter.
  9317 | D:8      | Found a bloodstained altar of Trog.
  9324 | D:8      | Found a transporter.
  9324 | D:8      | Noticed a moth of wrath
  9411 | D:8      | Noticed osinmv's ghost (novice GrFi)
  9416 | D:8      | Noticed a two-headed ogre
  9576 | D:8      | Killed a two-headed ogre
  9577 | D:8      | Reached skill level 10 in Dodging
  9612 | D:8      | Noticed a two-headed ogre
  9636 | D:8      | Killed a two-headed ogre
  9880 | D:8      | HP: 1/114 [troll (11)]
  9882 | D:8      | Slain by a troll

Illustrated notes

Levels and vault maps discovered:
D:1:      nzn_arrival_settlement, layout_basic, minmay_misc_feat_nine_boxes
D:2:      kennysheep_six_static_rooms, layout_basic, basic_altar,
          nicolae_ecumenical_pavilion, grunt_ministairs_9,
          chequers_serial_rivers_micro_d, uniq_robin
D:3:      layout_loops_corners, kiku_gazebo_pond_becter, columned_hall_lemuel,
          uniq_crazy_yiuf_cottage
D:4:      lemuel_castle_with_subvaults [lemuel_castle_interior_carwin_2],
          layout_cave_pools, serial_column_ruins, column_ruins_square_small,
          column_ruins_hut, column_ruins_open_tiny, column_ruins_columns_T,
          column_ruins_corridor_straight, column_ruins_grid_1,
          column_ruins_columns_straight, hangedman_decor_lopped,
          kennysheep_generic_room_6
D:5:      layout_loops_cross, minivault_11, uniq_grinder
D:6:      layout_layer_cave, minmay_temple_entry_sparse_star, uniq_duvessa
D:7:      layout_basic, gammafunk_ghost_abyssal_escape
D:8:      layout_cave_pools, gammafunk_ghost_wrathful_warriors, uniq_gastronok

Skill      XL: |  1  2  3  4  5  6  7  8  9 10 |
---------------+-------------------------------+-----
Short Blades   | 3 4 5 6 7 8 |  8.2
Dodging        | 2 3 4 6 7 9 10 | 10.3
Shields        | 1 2 3 |  3.4
Fighting       | 4 5 |  5.7
Stealth        | 1 3 4 |  4.0
Armour         | |  1.9

Action                   |  1- 3 |  4- 6 |  7- 9 | 10-12 || total
-------------------------+-------+-------+-------+-------++-------
Melee: Short sword       |   104 |       |    28 |       ||   132
       Punch             |     2 |     5 |     8 |     3 ||    18
       Dagger            |    48 |   312 |   709 |   139 ||  1208
Invok: Berserk           |     1 |     2 |     7 |     2 ||    12
       Trog's Hand       |       |     2 |    12 |     5 ||    19
  Use: Scroll            |       |    11 |     5 |       ||    16
       Potion            |       |       |       |     2 ||     2
 Stab: Sleeping          |       |       |     1 |     1 ||     2
Armor: Animal skin       |    33 |    80 |    90 |    10 ||   213
Dodge: Dodged            |   149 |   309 |   652 |   132 ||  1242

Table legend: (Time is in decaauts)
 A = Elapsed time spent in this place.
 B = Non-inter-level travel time spent in this place.
 C = Inter-level travel time spent in this place.
 D = Time resting spent in this place.
 E = Time spent auto-exploring this place.
 F = Levels seen in this place.
 G = Mean time per level.
                   A        B        C        D        E       F      G
               +--------+--------+--------+--------+--------+-----+--------+
         Total |   9619 |   9363 |    256 |    223 |   7072 |   8 | 1202.4 |
       Dungeon |   9619 |   9363 |    256 |    223 |   7072 |   8 | 1202.4 |
               +--------+--------+--------+--------+--------+-----+--------+

Top non-repeatable levels by time:
     D:3: 1531 daAuts
     D:4: 1512 daAuts
     D:6: 1511 daAuts
     D:2: 1160 daAuts
     D:1: 1152 daAuts
     D:7: 934 daAuts
     D:5: 932 daAuts
     D:8: 883 daAuts
